cohdb
Replays
Latest Replays
All Replays
Popular Replays
Top Player Replays
Match Explorer
How It Works
Community
CoH3 Stats
Reddit
Sign in to upload your games and track your stats! →
Sign in with Steam
Match 44097119
Unlisted
Match 44097119
Overview
Messages
Build Orders
End
Kettenkrad Recon Vehicle
Construct Infanterie Kompanie
Selects Terror Battlegroup
MG 42 Machine Gun Team
MG 42 Machine Gun Team
Selects Machine Gun Camouflage
Construct Luftwaffe Kompanie
221 Scout Car
Jäger Squad
Support Elements
Wirbelwind Flakpanzer
Medical Bunker
Side Skirts
Wirbelwind Flakpanzer
Repair Bunker
Luftwaffe Officer Quarters
Selects Interrogate
Marder III M Tank Destroyer
Selects Jericho Trumpet
Selects V1 Rocket Strike
V1 Rocket Strike
Construct Panzer Kompanie
Sniper
Kettenkrad Recon Vehicle
Panzer IV Medium Tank
Selects Defend the Fatherland
V1 Rocket Strike
Kettenkrad Recon Vehicle
[CoA] Deathkrieg
sigounet
$nackzor
King Raptor
Haris
Carecup
LegendaireNic
TURBOMAN
0
0
Comments
sign in to comment!
No comments posted yet!